 Dungeon Crawl Stone Soup version 0.23-a0-344-ge122d05652 (webtiles) character file.

467 Leibowitz the Chopper (level 6, 0/91 HPs)
             Began as a Minotaur Berserker on Oct 19, 2018.
             Was a Priest of Trog.
             Splashed by Pikel's acid (14 damage)
             ... on level 5 of the Dungeon.
             The game lasted 00:11:17 (3615 turns).

Leibowitz the Chopper (Minotaur Berserker)          Turns: 3615, Time: 00:11:17

Health: 0/91       AC: 15    Str: 21      XL:     6   Next: 81%
Magic:  5/5        EV:  2    Int:  4      God:    Trog [***...]
Gold:   301        SH:  0    Dex:  9 (10) Spells: 5/5 levels left

rFire    . . .     SeeInvis .   a - +1 hand axe
rCold    . . .     Gourm    .   (no shield)
rNeg     + + +     Faith    .   (armour currently unavailable)
rPois    +         Spirit   .   (helmet currently unavailable)
rElec    .         Reflect  .   (cloak currently unavailable)
rCorr    .         Harm     .   (gloves currently unavailable)
MR       .....     NoTele   +   (boots currently unavailable)
Stlth    +.........             (no amulet)
HPRegen  0.25/turn              (no ring)
MPRegen  0.09/turn              (no ring)

@: tree-form, corroded
A: (retaliatory headbutt), robust 1, weak 1, MP-powered wands
a: Berserk, Trog's Hand, Renounce Religion


You were on level 5 of the Dungeon.
You worshipped Trog.
Trog was most pleased with you.
You were near starving.
You were a tree.
You visited 1 branch of the dungeon, and saw 5 of its levels.

You collected 301 gold pieces.

Inventory:

Hand Weapons
 a - a +1 hand axe (weapon)
Armour
 d - a +0 cloak (melded)
 e - a +1 chain mail (melded)
Jewellery
 m - an uncursed ring of teleportation
Wands
 f - a wand of iceblast (10)
Scrolls
 b - 2 scrolls of remove curse
 g - 3 scrolls of identify
 i - 2 scrolls of teleportation
 l - a scroll of enchant weapon
 n - 2 scrolls of fear
Potions
 h - a potion of curing
 k - a potion of lignification
Comestibles
 c - 11 rations


   Skills:
 + Level 5.2 Fighting
 + Level 6.5 Axes
 + Level 5.2 Armour
 + Level 3.1 Dodging


You had 5 spell levels left.
You didn't know any spells.
Your spell library was empty.

Dungeon Overview and Level Annotations

Branches:
Dungeon (5/15)             Temple (0/1) D:4

Altars:
Cheibriados
Dithmenos
Hepliaklqana
Ru
Trog
Uskayaw

Shops:
D:4 :

Annotations:
D:5 Pikel


Innate Abilities, Weirdness & Mutations

((You reflexively headbutt those who attack you in melee.))
((You have a pair of horns on your head.))
((You are partially covered in yellow scales. (AC +2)))
You are robust. (+10% HP)
You are weak. (Str -2)
You expend magic power (3 MP) to strengthen your wands.


Message History

Pikel is heavily wounded.
Pikel hits you but does no damage.
You closely miss Pikel.
Pikel is heavily wounded.
Pikel barely misses you.
You completely miss Pikel.
Pikel is heavily wounded.
Pikel zaps a wand.
The bolt of acid hits you! The acid corrodes you!
You are splashed with acid!
The acid burns!
* * * LOW HITPOINT WARNING * * *
You feel better. Pikel closely misses you.
You turn into a tree.
Your +0 cloak melds into your body.
Your +1 chain mail melds into your body.
Your roots penetrate the ground.
Pikel hits you but does no damage.
You barely miss Pikel.
Pikel is heavily wounded.
Pikel zaps a wand.
The bolt of acid hits you!
* * * LOW HITPOINT WARNING * * *
The acid corrodes you!
You are splashed with acid!
The acid burns!
You die...

#.######.##.
#p##........
#.##♣###.##.
#.##K# #p##p# #
#.##p##.####
####..pp.......
#.......##.###.
#.####### # #.#
#.#


You could see Pikel and 4 slaves.

Vanquished Creatures
  An ogre (D:4)
  A howler monkey (D:4)
  A hound (D:4)
  An orc priest (D:4)
  An iguana (D:4)
  An orc wizard (D:4)
  3 worker ants (D:4)
  A howler monkey skeleton (D:5)
  4 adders
  5 worms
  5 dart slugs
  3 leopard geckos
  4 orcs
  5 ball pythons
  15 giant cockroaches
  9 hobgoblins
  2 quokkas (D:4)
  9 bats
  2 frilled lizards
  4 goblins
  9 kobolds
  16 rats
102 creatures vanquished.

Notes
Turn   | Place    | Note
-------+----------+-------------------------------------------
     0 | D:1      | Leibowitz the Minotaur Berserker began the quest for the
                  | Orb.
     0 | D:1      | Reached XP level 1. HP: 19/19 MP: 0/0
   195 | D:1      | Reached skill level 4 in Axes
   195 | D:1      | Reached XP level 2. HP: 24/27 MP: 1/1
   652 | D:1      | Reached ** piety under Trog
   674 | D:1      | Reached XP level 3. HP: 33/33 MP: 2/2
  1023 | D:2      | Found a sacrificial altar of Ru.
  1173 | D:2      | Found a shadowy altar of Dithmenos.
  1304 | D:2      | Reached XP level 4. HP: 37/41 MP: 3/3
  1633 | D:3      | Reached skill level 5 in Axes
  1766 | D:3      | Found a snail-covered altar of Cheibriados.
  1815 | D:3      | Reached *** piety under Trog
  1901 | D:3      | Noticed a moth of wrath
  1904 | D:3      | Found a bloodstained altar of Trog.
  2066 | D:3      | Found a hazy altar of Hepliaklqana.
  2199 | D:4      | Reached XP level 5. HP: 34/47 MP: 4/4
  2426 | D:4      | Gained mutation: You expend magic power (3 MP) to
                  | strengthen your wands. [potion of mutation]
  2426 | D:4      | Gained mutation: You are robust. (+10% HP) [potion of
                  | mutation]
  2426 | D:4      | Gained mutation: You are weak. (Str -2) [potion of
                  | mutation]
  2426 | D:4      | Gained mutation: You are partially covered in yellow
                  | scales. (AC +2) [potion of mutation]
  2435 | D:4      | Reached skill level 6 in Axes
  2623 | D:4      | Found a hide-covered altar of Uskayaw.
  2641 | D:4      | Reached XP level 6. HP: 46/60 MP: 5/5
  2671 | D:4      | Found Hihisaokli's Book Shop.
  2722 | D:4      | Reached skill level 5 in Armour
  2725 | D:4      | Reached skill level 5 in Fighting
  3119 | D:4      | Found a staircase to the Ecumenical Temple.
  3562 | D:5      | Entered Level 5 of the Dungeon
  3586 | D:5      | Noticed Pikel
  3586 | D:5      | Noticed a slave
  3586 | D:5      | Noticed a slave
  3586 | D:5      | Noticed a slave
  3587 | D:5      | Noticed a slave
  3615 | D:5      | Splashed by Pikel's acid

Vault maps used:
D:1:      dpeg_arrival_triangle_fractal, serial_park_tiny_2,
          minmay_misc_feat_five, grunt_decor_arrowhead
D:2:      minmay_roachtagon, nicolae_ru_awakened_eye, grunt_dithmenos_smoke,
          minmay_pentomino_o4
D:3:      cheibriados_altar_1, tgw_trog, nicolae_overflow_crystal_walls,
          first_ration, minmay_shallow_snake_nest
D:4:      eat_drink_and_be_merry_uskayaw, minmay_temple_entry_glassed_door,
          serial_shops, nicolae_shop_crystal
D:5:      zin_scriptorium, hangedman_decor_push, minmay_checkerbox, uniq_pikel,
          uniq_blork_the_orc

Skill      XL: |  1  2  3  4  5  6 |
---------------+-------------------+-----
Axes           | 4 5 6 |  6.5
Fighting       | 4 5 |  5.2
Armour         | 3 4 5 |  5.2
Dodging        | 3 |  3.1

Action                   |  1- 3 |  4- 6 || total
-------------------------+-------+-------++-------
Melee: Hand axe          |    92 |   162 ||   254
       Headbutt          |    16 |    20 ||    36
Invok: Berserk           |       |     1 ||     1
  Use: Potion            |     5 |     6 ||    11
       Scroll            |     6 |     7 ||    13
  Eat: Chunk             |     1 |     7 ||     8
Armor: Chain mail        |    76 |    72 ||   148
       Skin              |       |     1 ||     1
Dodge: Dodged            |    51 |    81 ||   132

Table legend:
 A = Non-vault XP
 B = Vault XP
 C = Vault XP percentage of total XP
 D = Non-vault monster count
 E = Vault monster count
 F = Vault count percentage of total count
                 A         B        C        D         E       F
            +---------+---------+-------+---------+---------+-------
      Total |     623 |      45 |   6.7 |      83 |      19 |  18.6
            +---------+---------+-------+---------+---------+-------
        D:1 |      45 |       0 |   0.0 |      27 |       0 |   0.0
        D:2 |      48 |      20 |  29.4 |      16 |      10 |  38.5
        D:3 |      45 |      25 |  35.7 |      21 |       9 |  30.0
        D:4 |     470 |       0 |   0.0 |      18 |       0 |   0.0
        D:5 |      15 |       0 |   0.0 |       1 |       0 |   0.0
            +---------+---------+-------+---------+---------+-------
